 Dungeon Crawl Stone Soup version 0.24.0-123-gd5b16e6ec5 (webtiles) character file.

Game seed: 16171895101157006344, levelgen mode: deterministic

127283 FishyPogo the Warrior (level 16, -17/157 HPs)
             Began as a Minotaur Fighter on Dec 27, 2019.
             Was a High Priest of Makhleb.
             Demolished by an alligator snapping turtle (20 damage)
             ... on level 1 of the Shoals.
             The game lasted 02:10:41 (27412 turns).

FishyPogo the Warrior (Minotaur Fighter)           Turns: 27412, Time: 02:10:42

Health: -17/157    AC: 14    Str: 26    XL:     16   Next: 45%
Magic:  0/24       EV: 10    Int:  8    God:    Makhleb [*****.]
Gold:   1740       SH: 15    Dex:  6    Spells: 11/15 levels left

rFire    + . .     SeeInvis .   a - +4 spear (freeze)
rCold    + . .     Gourm    .   c - +1 shield
rNeg     . . .     Faith    .   L - +1 ring mail of Gisoajic {rElec Regen+ rCorr Dex-4}
rPois    .         Spirit   +   (helmet restricted)
rElec    +         Reflect  .   n - scarf {rC+ rF+}
rCorr    +         Harm     .   K - +0 pair of gloves (curse)
MR       +++..                  G - +1 pair of boots {run}
Stlth    ..........             S - amulet of guardian spirit
HPRegen  0.76/turn              q - ring of flight
MPRegen  0.19/turn              I - ring of the Mage {Wiz MR++ Int+3}

@: about to teleport, mesmerised, very slightly contaminated, very slow
A: retaliatory headbutt, horns 2, weak 1
a: Minor Destruction, Lesser Servant of Makhleb, Major Destruction, Greater
Servant of Makhleb, Renounce Religion, Evoke Flight


You were on level 1 of the Shoals.
You worshipped Makhleb.
Makhleb was extremely pleased with you.
You were hungry.

You visited 7 branches of the dungeon, and saw 29 of its levels.
You also visited: Ice Cave.

You collected 2710 gold pieces.
You spent 970 gold pieces at shops.

Inventory:

Hand Weapons
 a - a +4 spear of freezing (weapon)
Missiles
 d - 2 throwing nets
 k - 47 poisoned darts
 v - 11 javelins (quivered)
 w - 31 boomerangs
Armour
 c - a +1 shield (worn)
 h - a +1 pair of gloves
 n - a scarf of resistance (worn)
 G - a +1 pair of boots of running (worn)
 K - a cursed +0 pair of gloves (worn)
 L - the +1 ring mail of Gisoajic (worn) {rElec Regen+ rCorr Dex-4}
   (You found it on level 8 of the Dungeon)

   It affects your dexterity (-4).
   It insulates you from electricity.
   It increases your rate of regeneration.
   It provides partial protection from all sources of acid and corrosion.
 R - a +2 scale mail of fire resistance
 X - a +0 large shield
Jewellery
 i - an uncursed ring of poison resistance
 m - a +2 ring of strength
 q - a ring of flight (left hand)
 t - an uncursed ring of protection from fire
 F - an uncursed ring of protection from cold
 I - the ring of the Mage (right hand) {Wiz MR++ Int+3}
   (You found it on level 7 of the Dungeon)

   [ring of wizardry]

   It improves your spell success rate.
   It affects your intelligence (+3).
   It affects your resistance to hostile enchantments.
 S - an amulet of guardian spirit (around neck)
 T - an uncursed ring of see invisible
Wands
 A - a wand of iceblast (28)
 B - a wand of disintegration (37)
 H - a wand of flame (49)
 N - a wand of random effects (14)
 V - a wand of paralysis (15)
 W - a wand of polymorph (9)
 Y - a wand of enslavement (13)
Scrolls
 e - 6 scrolls of remove curse
 l - 5 scrolls of enchant armour
 p - 8 scrolls of identify
 u - 4 scrolls of teleportation
 x - 2 scrolls of enchant weapon
 y - 3 scrolls of magic mapping
 z - 3 scrolls of fear
 O - a scroll of vulnerability {unknown}
 Z - a scroll of amnesia
Potions
 g - a potion of agility
 o - a potion of haste
 r - 4 potions of brilliance
 s - a potion of berserk rage
 E - 6 potions of magic
Comestibles
 b - 8 chunks of flesh
 f - 46 rations


   Skills:
 + Level 18.0 Fighting
 - Level 11.0 Polearms
   Level 3.0 Slings
 + Level 15.9 Armour
 * Level 17.3 Shields
 + Level 12.8 Invocations


You had 11 spell levels left.
You knew the following spells:

 Your Spells              Type           Power        Failure   Level  Hunger
a - Apportation           Tloc           #.....       22%         1    ##.....
u - Song of Slaying       Chrm           #.......     32%         2    ###....
y - Infusion              Chrm           #...         22%         1    ##.....

Your spell library contained the following spells:

 Spells                   Type           Power        Failure   Level  Hunger
 Animate Skeleton         Necr           N/A          22%         1    ##.....
 Corona                   Hex            #......      22%         1    ##.....
 Pain                     Necr           #...         22%         1    ##.....
 Summon Butterflies       Summ           #.......     22%         1    ##.....
 Summon Small Mammal      Summ           #...         22%         1    ##.....
 Call Imp                 Summ           #.......     32%         2    ###....
 Poisonous Vapours        Pois/Air       #.....       32%         2    ###....
 Shroud of Golubria       Chrm/Tloc      #.....       32%         2    ###....
 Slow                     Hex            #.......     32%         2    ###....
 Sublimation of Blood     Necr           #.........   32%         2    ###....
 Call Canine Familiar     Summ           #.......     52%         3    ####...
 Conjure Flame            Conj/Fire      #.......     52%         3    ####...
 Inner Flame              Hex/Fire       #.......     52%         3    ####...
 Lesser Beckoning         Tloc           #.........   52%         3    ####...
 Mephitic Cloud           Conj/Pois/Air  #.......     52%         3    ####...
 Portal Projectile        Hex/Tloc       #.....       52%         3    ####...
 Recall                   Summ/Tloc      N/A          52%         3    ####...
 Regeneration             Chrm/Necr      #.........   52%         3    ####...
 Spectral Weapon          Hex/Chrm       #.......     52%         3    ####...
 Summon Guardian Golem    Hex/Summ       #.......     52%         3    ####...
 Tukima's Dance           Hex            #.......     52%         3    ####...
 Animate Dead             Necr           N/A          89%         4    #####..
 Cause Fear               Hex            #.........   89%         4    #####..
 Ice Form                 Ice/Tmut       #.......     89%         4    #####..
 Leda's Liquefaction      Hex/Erth       #.........   89%         4    #####..
 Summon Ice Beast         Ice/Summ       #.......     89%         4    #####..
 Summon Lightning Spire   Summ/Air       #.......     89%         4    #####..
 Alistair's Intoxication  Tmut/Pois      #.......     99%         5    ######.
 Bolt of Magma            Conj/Fire/Erth #.........   99%         5    ######.
 Borgnjor's Vile Clutch   Necr/Erth      #.........   99%         5    ######.
 Metabolic Englaciation   Hex/Ice        #.........   99%         5    ######.
 Silence                  Hex/Air        #.........   99%         5    ######.
 Bolt of Cold             Conj/Ice       #.........   100%        6    #######
 Conjure Ball Lightning   Conj/Air       #.........   100%        6    #######
 Death Channel            Necr           #.........   100%        6    #######
 Deflect Missiles         Chrm/Air       #.........   100%        6    #######
 Freezing Cloud           Conj/Ice/Air   #.........   100%        6    #######
 Invisibility             Hex            #.......     100%        6    #######
 Iron Shot                Conj/Erth      #.........   100%        6    #######
 Ozocubu's Refrigeration  Ice            #.........   100%        6    #######
 Simulacrum               Ice/Necr       #.........   100%        6    #######
 Statue Form              Tmut/Erth      #........    100%        6    #######
 Ring of Flames           Chrm/Fire      #.........   100%        7    #######
 Shatter                  Erth           #.........   100%        9    #######
 Tornado                  Air            #.........   100%        9    #######


Dungeon Overview and Level Annotations

Branches:
Dungeon (15/15)            Temple (0/1) D:6            Lair (6/6) D:8
 Shoals (1/4) Lair:4       Spider (2/4) Lair:2        Slime (0/5) Lair:5
    Orc (2/2) D:11            Elf (2/3) Orc:2        Vaults (0/5) D:14
 Depths (1/5) D:15          IceCv (visited)

Altars:
Dithmenos
Elyvilon
Gozag
Makhleb
Ru
Uskayaw
Vehumet
Wu Jian
Yredelemnul
Zin

Shops:
D:5 =*[*   D:9 =   Orc:2 (!*}   Elf:1 *

Annotations:
Lair:1 exclusion: 3 oklob plants
Lair:2 exclusion: oklob plant
Orc:1 2 transporters, Nivaska's ghost, journeyman DsWz


Innate Abilities, Weirdness & Mutations

You reflexively headbutt those who attack you in melee.
You have a pair of horns on your head.
You are weak. (Str -2)


Message History

Okay, then.
Okay, then.
As you read the scroll of teleportation, it crumbles to dust.
You feel strangely unstable. You block the tentacle's attack.
The merfolk avatar chants its luring song.
Tentacles burst out of the water!
The tentacle slaps you!
* * * LOW HITPOINT WARNING * * *
The alligator bites you but does no damage.
The alligator tail-slaps you. You block the snapping turtle's attack.
The snapping turtle closely misses you. 3 tentacles come into view.
Unknown command.
You feel better. The tentacle slaps you!!
* * * LOW HITPOINT WARNING * * *
The kraken bites you.
* * * LOW HITPOINT WARNING * * *
The merfolk avatar chants its luring song.
You block the tentacle's attack. You block the alligator's attack. x2
The alligator snapping turtle bites you from afar!!
You die...

≈≈≈≈≈≈≈...≈≈≈≈......≈≈≈
≈≈≈≈≈≈≈≈≈.≈≈≈.......≈≈≈≈
≈≈≈≈≈≈≈≈).≈≈≈........≈≈≈
≈≈≈≈≈≈≈≈..≈≈≈......$...≈
≈≈≈≈≈≈≈≈..≈≈≈≈..........
≈≈≈≈≈≈≈≈..≈≈≈≈.........≈
≈≈≈≈≈≈≈≈≈...≈≈t.w......≈
..≈≈≈≈≈≈....≈StXw......≈
≈≈≈≈≈≈≈.....≈≈≈w@.....≈≈
≈≈≈≈≈≈≈≈...≈≈wtt≈≈....≈≈
≈≈≈≈≈≈≈≈≈..≈≈≈m≈≈≈...≈≈≈
≈≈≈≈≈≈≈≈≈≈≈≈≈≈≈≈≈≈...≈≈≈
≈≈≈≈≈≈≈≈≈≈≈≈≈≈≈≈≈..≈≈≈≈≈
≈≈≈≈≈≈≈≈...≈≈≈≈≈
≈≈≈≈.......≈≈..≈
≈≈≈.?.....≈≈..≈


You could see a kraken, an alligator snapping turtle, a merfolk avatar, an
alligator, 2 snapping turtles, 4 tentacles and a water moccasin.

Vanquished Creatures
  Rupert (Lair:5)
  Jorgrun (Spider:1)
  Louise (D:14)
  2 emperor scorpions
  A fire dragon (D:15)
  An ice dragon (Lair:4)
  A vault guard (D:14)
  4 hydras
  2 catoblepae
  2 ogre magi (Orc:2)
  2 centaur warriors (D:13)
  10 two-headed ogres
  10 death yaks
  A deep troll shaman (Lair:6)
  A dancing weapon (Elf:1)
  Urug (Lair:5)
  Nergalle (Lair:3)
  A deep elf knight (Orc:2)
  An unseen horror (D:13)
  2 deep trolls (Orc:2)
  A lindwurm (Lair:6)
  3 harpies
  2 wolf spider zombies
  2 orc knights
  4 wolf spiders (Spider:1)
  2 ugly things (D:11)
  5 orb spiders
  8 cyclopes
  3 manticores
  11 elephants
  A water nymph (Shoals:1)
  An ice statue (IceCv)
  4 black mambas
  An eye of devastation (Lair:5)
  A torpor snail (Lair:5)
  3 gargoyles
  A spiny frog (shapeshifter) (D:13)
  8 spiny frogs
  A kobold demonologist (D:11)
  A rime drake (Lair:3)
  6 komodo dragons
  An efreet (D:15)
  A yaktaur (D:15)
  A demonic crawler (Spider:2)
  9 trolls
  9 jumping spiders
  A merfolk (Shoals:1)
  13 polar bears
  2 harpy skeletons (D:13)
  12 dream sheep
  2 snapping turtles
  9 slime creatures
  9 hippogriffs
  14 blink frogs
  25 redbacks
  2 vampires
  2 wraiths (D:11)
  4 wyverns
  7 tarantellas
  A shadow (D:14)
  A hog (shapeshifter) (D:13)
  A water elemental (D:15)
  60 yaks
  Eustachio (D:5)
  8 humans (D:14)
  4 basilisks
  7 vampire mosquitoes (D:12)
  3 wargs (Orc:2)
  3 hungry ghosts
  A harpy simulacrum (D:13)
  4 swamp worms (Lair:5)
  2 acid dragons (D:15)
  A soldier ant (D:12)
  17 water moccasins
  11 orc warriors
  4 porcupines
  4 ice beasts
  2 sky beasts
  3 hornet zombies (D:13)
  3 black bears
  28 ogres
  3 phantoms
  A boggart (D:15)
  An eye of draining (Lair:5)
  19 wolves
  12 centaurs
  12 crocodiles
  18 bullfrogs
  15 big kobolds
  2 wyvern zombies
  6 scorpions
  34 killer bees
  10 wights
  6 howler monkeys
  An electric eel (Lair:3)
  5 crimson imps
  8 centaur zombies
  A bullfrog zombie (D:11)
  2 quasits
  10 hounds
  4 jellies
  10 centaur skeletons
  11 orc priests
  16 orc wizards
  14 worker ants
  4 iguanas
  2 hound skeletons
  A worker ant zombie (D:10)
  2 gnolls (D:5)
  9 adders
  A hound simulacrum (D:9)
  3 shadow imps
  An ooze (D:6)
  A worm (Lair:2)
  5 leopard geckos
  62 orcs
  6 bats
  6 giant cockroaches
  5 goblins
  7 hobgoblins
  11 jackals
  5 quokkas
  6 frilled lizards
  A jackal skeleton (D:4)
  A jackal zombie (D:8)
  69 kobolds
  A leopard gecko skeleton (D:4)
  2 quokka skeletons
  4 rats
843 creatures vanquished.

Vanquished Creatures (collateral kills)
  A bone dragon (D:13)
  Frances (Orc:2)
  Roxanne (D:14)
  A frost giant (IceCv)
  A deep elf annihilator (Elf:1)
  An ice dragon (D:15)
  2 hydras
  A vault guard (D:14)
  A dancing weapon (Orc:2)
  5 orb spiders
  2 wolf spiders (Spider:1)
  A torpor snail (Spider:1)
  A centaur zombie (D:13)
  A rime drake (IceCv)
  A demonic crawler (Spider:2)
  A queen bee (D:10)
  5 jumping spiders (Spider:1)
  6 polar bears
  2 blink frogs (Lair:6)
  A shadow (D:10)
  7 tarantellas
  A water elemental (D:15)
  9 redbacks
  6 yaks
  A human (D:14)
  A black bear (Lair:6)
  2 boggarts (D:15)
  2 wolves (IceCv)
  A bullfrog (D:10)
  An electric eel (D:15)
  6 orcs (D:10)
73 creatures vanquished.

Vanquished Creatures (others)
  An entropy weaver (Spider:2)
  A jumping spider (Spider:2)
  2 redbacks (Spider:2)
  4 yaks (IceCv)
  A human (D:14)
  A boggart (D:15)
  2 wolves (IceCv)
  A bush (Lair:6)
  7 fungi
  12 plants
  4 tentacles (Shoals:1)
36 creatures vanquished.

Grand Total: 952 creatures vanquished

Notes
Turn   | Place    | Note
-------+----------+-------------------------------------------
     0 | D:1      | FishyPogo the Minotaur Fighter began the quest for the Orb.
     0 | D:1      | Reached XP level 1. HP: 19/19 MP: 0/0
   313 | D:3      | Reached skill level 4 in Fighting
   313 | D:3      | Reached XP level 2. HP: 16/27 MP: 1/1
   412 | D:3      | Noticed an ogre
   673 | D:3      | Reached XP level 3. HP: 30/33 MP: 2/2
   688 | D:3      | Found a white marble altar of Elyvilon.
   753 | D:4      | Reached XP level 4. HP: 14/41 MP: 3/3
   759 | D:4      | Noticed an ogre
   894 | D:3      | Killed an ogre
   894 | D:3      | Reached skill level 5 in Fighting
   894 | D:3      | Reached skill level 5 in Shields
   894 | D:3      | Reached XP level 5. HP: 4/48 MP: 4/4
  1384 | D:4      | Found a burning altar of Makhleb.
  1386 | D:4      | Found a sacrificial altar of Ru.
  1386 | D:4      | Found a hide-covered altar of Uskayaw.
  1389 | D:4      | Became a worshipper of Makhleb the Destroyer
  2154 | D:2      | Reached * piety under Makhleb
  2453 | D:2      | Reached XP level 6. HP: 25/56 MP: 2/5
  2778 | D:4      | Reached skill level 5 in Armour
  2972 | D:4      | Reached XP level 7. HP: 17/62 MP: 1/6
  2994 | D:4      | Reached skill level 6 in Fighting
  3185 | D:4      | You fall into a shaft and drop 2 floors!
  3185 | D:6      | Found a basalt altar of Yredelemnul.
  3204 | D:5      | Entered Level 5 of the Dungeon
  3292 | D:5      | Reached ** piety under Makhleb
  3298 | D:5      | Reached skill level 5 in Polearms
  3412 | D:5      | Reached XP level 8. HP: 67/71 MP: 7/7
  3508 | D:5      | Found Kojiul's Antique Armour Shoppe.
  3516 | D:5      | Bought a pair of runed gloves for 172 gold pieces
  3738 | D:5      | Found Hamp's Jewellery Shop.
  3825 | D:5      | Found Jegiekk's General Store.
  3946 | D:5      | Found Roscheh's General Store.
  4049 | D:5      | Noticed Eustachio
  4102 | D:5      | Killed Eustachio
  4102 | D:5      | Reached skill level 1 in Invocations
  4169 | D:5      | Found an opulent altar of Gozag.
  4359 | D:5      | Reached skill level 7 in Fighting
  4439 | D:5      | Reached *** piety under Makhleb
  5034 | D:6      | Identified the Incunabulum of Cold and Enhancements
  5066 | D:6      | Found a staircase to the Ecumenical Temple.
  5285 | D:7      | Found a shadowy altar of Dithmenos.
  5652 | D:7      | Reached XP level 9. HP: 67/79 MP: 5/9
  5719 | D:7      | Found the ring of the Mage {Wiz MR++ Int+3}
  5730 | D:7      | Learned a level 1 spell: Infusion
  6210 | D:5      | Bought a pair of runed boots for 172 gold pieces
  6210 | D:5      | Bought a smoking leather armour for 161 gold pieces
  6215 | D:5      | Identified a +1 pair of boots of running (You bought it in
                  | a shop on level 5 of the Dungeon)
  6225 | D:5      | Identified the +1 leather armour of Sovereignty {Dex+4}
                  | (You bought it in a shop on level 5 of the Dungeon)
  6322 | D:8      | Found a staircase to the Lair.
  6364 | D:8      | Reached **** piety under Makhleb
  6417 | D:8      | Reached skill level 8 in Fighting
  6475 | D:8      | Reached skill level 10 in Shields
  6511 | D:8      | Found an ornate altar of the Wu Jian Council.
  6549 | D:8      | Got a blackened ring mail
  6560 | D:8      | Identified the cursed +1 ring mail of Gisoajic {rElec
                  | Regen+ rCorr Dex-4} (You found it on level 8 of the
                  | Dungeon)
  6625 | D:8      | You fall into a shaft and drop 2 floors!
  6625 | D:10     | Entered Level 10 of the Dungeon
  6677 | D:10     | Reached skill level 1 in Slings
  7135 | D:9      | Reached XP level 10. HP: 90/90 MP: 12/12
  7277 | D:9      | Identified the Collected Works on Unholy Magic
  7415 | D:9      | Found Quar's Jewellery Emporium.
  7509 | D:9      | Noticed a two-headed ogre
  7525 | D:9      | Killed a two-headed ogre
  7544 | D:9      | Reached skill level 9 in Fighting
  7567 | D:9      | Reached skill level 5 in Invocations
  7604 | D:9      | Noticed a three-headed hydra
  7618 | D:9      | Killed a three-headed hydra
  7720 | D:9      | Found a radiant altar of Vehumet.
  7853 | D:10     | Reached XP level 11. HP: 68/97 MP: 11/14
  8110 | D:10     | Learned a level 1 spell: Apportation
  8276 | D:10     | Reached ***** piety under Makhleb
  8813 | D:11     | Noticed a green ugly thing
  8831 | D:11     | Killed a green ugly thing
  8831 | D:11     | Reached skill level 10 in Fighting
  9035 | D:11     | Found a sacrificial altar of Ru.
  9079 | D:11     | Noticed a brown ugly thing
  9097 | D:11     | Killed a brown ugly thing
  9160 | D:11     | Reached skill level 10 in Armour
  9266 | D:11     | Found a staircase to the Orcish Mines.
  9999 | D:12     | Reached ****** piety under Makhleb
 10147 | D:12     | Noticed a seven-headed hydra
 10458 | D:12     | Reached XP level 12. HP: 108/108 MP: 16/16
 10830 | Lair:1   | Entered Level 1 of the Lair of Beasts
 10909 | Lair:1   | Reached skill level 11 in Fighting
 11776 | D:5      | Bought an embroidered cloak for 172 gold pieces
 12119 | Lair:2   | Noticed an eight-headed hydra
 12181 | Lair:2   | Noticed a five-headed hydra
 12562 | Lair:2   | Found a glowing silver altar of Zin.
 12586 | Lair:2   | Found a hole to the Spider Nest.
 12926 | Lair:2   | Killed a five-headed hydra
 12935 | Lair:2   | Killed an eight-headed hydra
 13196 | Lair:3   | Reached skill level 15 in Shields
 13212 | Lair:3   | Noticed Nergalle
 13254 | Lair:3   | Killed Nergalle
 13254 | Lair:3   | Reached skill level 10 in Polearms
 14280 | Lair:4   | Found a frozen archway.
 14283 | Lair:4   | Noticed an ice dragon
 14306 | Lair:4   | Reached XP level 13. HP: 117/117 MP: 18/18
 14425 | IceCv    | Entered an ice cave
 14476 | IceCv    | Reached skill level 12 in Fighting
 15060 | IceCv    | Noticed a frost giant
 15090 | IceCv    | Killed a frost giant
 15230 | Lair:4   | Learned a level 2 spell: Song of Slaying
 15299 | Lair:4   | Reached skill level 13 in Fighting
 15521 | Lair:4   | Found a staircase to the Shoals.
 16234 | Lair:5   | Found a staircase to the Slime Pits.
 16339 | Lair:5   | Noticed Urug
 16476 | Lair:5   | Reached skill level 14 in Fighting
 16484 | Lair:5   | Killed Urug
 16515 | Lair:5   | Noticed Rupert
 16531 | Lair:5   | Paralysed by Rupert for 4 turns
 16542 | Lair:5   | Killed Rupert
 16610 | Lair:5   | Reached skill level 10 in Invocations
 16610 | Lair:5   | Reached XP level 14. HP: 132/132 MP: 20/20
 17308 | Lair:6   | Entered Level 6 of the Lair of Beasts
 17853 | Lair:6   | Reached skill level 15 in Fighting
 18834 | Lair:6   | Reached skill level 16 in Fighting
 18848 | Lair:6   | Got a jewelled short sword
 18849 | Lair:6   | Identified the +6 short sword of Xom {flame, *Contam +Fly
                  | MR+ Stlth+} (You found it on level 6 of the Lair of Beasts)
 18882 | Lair:6   | Gained mutation: You are weak. (Str -2) [mutagenic glow]
 19985 | D:13     | Reached XP level 15. HP: 145/145 MP: 22/22
 20025 | D:13     | Noticed a bone dragon
 20026 | D:13     | Found the +9 sword of Zonguldrok {reap}
 20199 | D:13     | Killed a bone dragon
 21054 | D:14     | Reached skill level 17 in Fighting
 21192 | D:14     | Noticed Louise
 21278 | D:14     | Killed Louise
 21394 | D:14     | Noticed Roxanne
 21459 | D:14     | Killed Roxanne
 21773 | D:14     | Found a gate to the Vaults.
 21966 | D:15     | Entered Level 15 of the Dungeon
 22914 | D:15     | Reached skill level 15 in Armour
 22965 | D:15     | Found a staircase to the Depths.
 23135 | Depths:1 | Entered Level 1 of the Depths
 23135 | Depths:1 | Noticed a fire giant
 23296 | Orc:1    | Entered Level 1 of the Orcish Mines
 23299 | Orc:2    | Entered Level 2 of the Orcish Mines
 23411 | Orc:1    | Found a transporter.
 23414 | Orc:1    | Noticed Nivaska's ghost (journeyman DsWz)
 23435 | Orc:1    | Found a transporter.
 24128 | Orc:2    | Found Gaberiom's Gadget Boutique.
 24141 | Orc:2    | Found Kiveta's Assorted Antiques.
 24149 | Orc:2    | Found Noniniz's Distillery.
 24150 | Orc:2    | Found Utuhiv's Antique Weapon Boutique.
 24173 | Orc:2    | Found a staircase to the Elven Halls.
 24191 | Orc:2    | Bought a bloodstained flail for 212 gold pieces
 24191 | Orc:2    | Identified the +10 flail of Zin's Reproof {venom, rElec}
                  | (You bought it in a shop on level 2 of the Orcish Mines)
 24729 | Elf:1    | Entered Level 1 of the Elven Halls
 24743 | Elf:1    | Found Baurosuso's General Store.
 24821 | Elf:1    | Noticed Frances
 24824 | Elf:1    | Bought a cursed ring of attention for 81 gold pieces
 24880 | Orc:2    | Killed Frances
 25212 | Spider:1 | Entered Level 1 of the Spider Nest
 25212 | Spider:1 | Noticed Jorgrun
 25249 | Spider:1 | Reached XP level 16. HP: 66/157 MP: 1/24
 25268 | Spider:1 | Killed Jorgrun
 26860 | Spider:1 | Reached skill level 18 in Fighting
 27232 | Shoals:1 | Entered Level 1 of the Shoals
 27399 | Shoals:1 | Noticed a kraken
 27412 | Shoals:1 | HP: 3/157 [kraken (6)]
 27412 | Shoals:1 | Demolished by an alligator snapping turtle

Levels and vault maps discovered:
D:1:      minmay_arrival_four_houses, layout_basic
D:2:      layout_basic
D:3:      layout_basic, elyvilon_altar_5, kennysheep_small_spiral
D:4:      layout_loops_ring, grunt_temple_overflow_open, first_ration,
          corexii_hall_statues_i, patterned_corridor
D:5:      minmay_goblin_kobold_castle, layout_basic, kennysheep_mini,
          serial_shops, nicolae_shop_behind_doors, shop, shop_fountains,
          nicolae_shop_crystal, uniq_eustachio
D:6:      layout_rooms, overflow_temple_1_default, minmay_temple_entry_junction
D:7:      layout_loops_corners, basic_altar, serial_undead, serial_undead_f,
          serial_undead_e, serial_undead_e, serial_undead_f
D:8:      layout_loops_cross, old_standard_altar, kennysheep_little_box,
          dpeg_oklobed_lair
D:9:      layout_loops_ring, lemuel_round_altar, serial_shops, shop,
          hangedman_ranch [blue_anna_fruit_fields],
          minmay_mirror_moons_of_madness
D:10:     layout_basic, special_room [special_room_bee],
          kennysheep_generic_room_12
D:11:     layout_loops_corners, hiddenorc1_lemuel,
          nicolae_ru_sacrificial_ziggurat
D:12:     layout_basic
D:13:     layout_long_grid, minmay_guarded_unrand_zonguldrok
D:14:     layout_basic, ximxim_vaults_locker_room, serial_bayou_pond_c,
          uniq_louise, uniq_roxanne
D:15:     grunt_enter_depths_hoard, layout_basic, corexii_corridor_pit
Lair:1:   dpeg_oklob_gauntlet, layout_loops_ring
Lair:2:   layout_chaotic_city, nicolae_spider_entry_non_spiders,
          lemuel_oklob_altar
Lair:3:   layout_loops_ring, lemuel_fruit_fields, serial_bayou_shore_a,
          grunt_megastairs_4, uniq_nergalle
Lair:4:   layout_layer_cave, minmay_shoals_entry_centaurs,
          portal_ice_cave_entry_animals_and_master
Lair:5:   layout_big_grid, minmay_slime_entry_eyes, worms_lemuel, uniq_urug,
          uniq_rupert
Lair:6:   grunt_lair_end_beastmaster, layout_cave_pods, lemuel_fruit_fields
Shoals:1: layout_shoals, nicolae_shoals_siren_and_animal_friends
Spider:1: layout_spider_delve, uniq_jorgrun
Spider:2: layout_spider_delve, drop_trap, nicolae_spider_shape
Orc:1:    layout_caves, gammafunk_ghost_arena
Orc:2:    st_orc_open, layout_diamond_mine
Elf:1:    minmay_the_grid_square_5x5_5x5_mashed [minmay_the_grid_square_5x5_tie,
          minmay_the_grid_square_5x5_inner_z,
          minmay_the_grid_square_5x5_intrusive_squares,
          minmay_the_grid_square_5x5_forky, minmay_the_grid_square_5x5_n_small,
          minmay_the_grid_square_5x5_moneybag,
          minmay_the_grid_square_5x5_prize_waves, minmay_the_grid_square_5x5_z,
          minmay_the_grid_square_5x5_prize_snowflake,
          minmay_the_grid_square_5x5_two_walls_a,
          minmay_the_grid_square_5x5_corner, minmay_the_grid_square_5x5_bite,
          minmay_the_grid_square_5x5_prize_deathbox,
          minmay_the_grid_square_5x5_meh,
          minmay_the_grid_square_5x5_broken_cross,
          minmay_the_grid_square_5x5_bracketed,
          minmay_the_grid_square_5x5_prize_itemx,
          minmay_the_grid_square_5x5_shrine1,
          minmay_the_grid_square_5x5_prize_junk,
          minmay_the_grid_square_5x5_inset,
          minmay_the_grid_square_5x5_inverted_slash,
          minmay_the_grid_square_5x5_longway, minmay_the_grid_square_5x5_mess,
          minmay_the_grid_square_5x5_hourglass,
          minmay_the_grid_square_5x5_half_checkered], layout_geoelf_grid,
          serial_shops, shop_statue, hangedman_elf_represent,
          roderic_roman_lattice, uniq_frances
Elf:2:    layout_gridlike, portal_desolation_entry_salt
Depths:1: layout_cave_pools, hell_entry, pan_entry, enter_trove_3,
          chequers_serial_rivers_room_b, minmay_misc_feat_tower,
          hangedman_decor_lopped, chequers_serial_rivers_micro_b,
          minmay_misc_feat_rugged, drop_trap, minmay_misc_feat_plants, tgw_xom

Skill      XL: |  1  2  3  4  5  6  7  8  9 10 11 12 13 14 15 16 |
---------------+-------------------------------------------------+-----
Fighting       | 4 5 6 7 8 9 10 11 14 16 17 18 | 18.0
Shields        | 4 5 6 7 9 10 12 14 15 16 17 | 17.3
Armour         | 4 5 6 7 8 9 10 11 13 14 15 | 15.9
Polearms       | 3 4 5 6 7 8 10 11 | 11.0
Invocations    | 2 4 5 7 8 10 11 12 | 12.8
Slings         | 2 3 |  3.0

Action                   |  1- 3 |  4- 6 |  7- 9 | 10-12 | 13-15 | 16-18 || total
-------------------------+-------+-------+-------+-------+-------+-------++-------
Melee: Trident           |    69 |   129 |   375 |       |       |       ||   573
       Headbutt          |     8 |    17 |    88 |   234 |   517 |    55 ||   919
       Spear             |       |       |   225 |  1546 |  2432 |   419 ||  4622
 Fire: Hunting sling     |       |       |     4 |       |       |       ||     4
Throw: Stone             |     4 |       |     1 |       |       |       ||     5
       Boomerang         |       |       |       |     3 |    12 |     3 ||    18
       Dart              |       |       |       |       |       |     2 ||     2
       Javelin           |       |       |       |       |       |     2 ||     2
 Cast: Infusion          |       |       |     2 |     1 |       |       ||     3
       Apportation       |       |       |       |     6 |       |       ||     6
       Song of Slaying   |       |       |       |       |    11 |       ||    11
Invok: Minor Destruction |       |       |       |     9 |    27 |     6 ||    42
       Lesser Servant of |       |       |       |     6 |    43 |     9 ||    58
       Greater Servant o |       |       |       |       |     2 |     6 ||     8
 Abil: Evoke Flight      |       |       |     1 |       |       |     2 ||     3
Evoke: Wand              |       |       |       |    10 |     1 |       ||    11
  Use: Potion            |       |     2 |     1 |     1 |    16 |    17 ||    37
       Scroll            |       |     6 |     1 |    16 |    11 |     4 ||    38
 Stab: Distracted        |       |       |       |     1 |     1 |     4 ||     6
       Fleeing           |       |       |       |       |     2 |       ||     2
       Invisible         |       |       |       |       |       |     2 ||     2
  Eat: Chunk             |       |     7 |    15 |    27 |    37 |     7 ||    93
Armor: Scale mail        |    21 |    33 |    65 |       |       |       ||   119
       Leather armour    |       |       |    50 |       |       |       ||    50
       Ring mail         |       |       |    22 |   307 |   348 |   128 ||   805
       Skin              |       |       |       |       |    10 |    86 ||    96
Dodge: Dodged            |    18 |    21 |   117 |   316 |   352 |   149 ||   973
Block: Shield            |    30 |    51 |   275 |   755 |   833 |   273 ||  2217
